 Dungeon Crawl Stone Soup version 0.29-a0-477-g62b78b4225 (webtiles) character file.

Game seed: 8874910777254009184

121 dabmancer the Magician (level 4, -5/21 HPs)
             Began as a Spriggan Hedge Wizard on May 25, 2022.
             Killed by divine providence
             ... invoked by an orc priest
              (11 damage)
             ... on level 3 of the Dungeon.
             The game lasted 00:05:57 (3687 turns).

dabmancer the Magician (Spriggan Hedge Wizard)      Turns: 3687, Time: 00:05:57

Health: -5/21      AC:  2    Str:  6    XL:     4   Next: 77%
Magic:  5/12       EV: 17    Int: 17    God:
Gold:   130        SH:  0    Dex: 14    Spells: 9/14 levels left

rFire   . . .      SeeInvis +   p - +1 short sword (venom)
rCold   . . .      Faith    .   (no shield)
rNeg    + . .      Spirit   .   b - +0 robe
rPois   .          Reflect  .   c - +0 hat
rElec   .          Harm     .   (no cloak)
rCorr   .          Rampage  .   (gloves unavailable)
Will    .....                   (boots unavailable)
Stlth   ++........              (no amulet)
HPRegen 0.07/turn               e - ring of positive energy
MPRegen 0.13/turn               (no ring)

@: very quick
A: very small, no large weapons, unfitting armour, see invisible, speed 3
a: no special abilities


You were on level 3 of the Dungeon.
You visited 1 branch of the dungeon, and saw 3 of its levels.

You collected 130 gold pieces.

Inventory:

Hand Weapons
 a - a +0 dagger
 p - a +1 short sword of venom (weapon)
Missiles
 h - a throwing net
 i - 71 stones
 q - 5 boomerangs
Armour
 b - a +0 robe (worn)
 c - a +0 hat (worn)
Jewellery
 e - a ring of positive energy (left hand)
Wands
 w - a wand of flame (3)
Scrolls
 l - a scroll of fear {unknown}
 m - 3 scrolls of identify {unknown}
 o - a scroll of teleportation {unknown}
 r - 2 scrolls of immolation
 s - a scroll of fog {unknown}
 t - 2 scrolls of vulnerability {unknown}
Potions
 d - a potion of magic
 f - 2 potions of invisibility
 g - a potion of mutation {unknown}
 j - 2 potions of curing
 k - 2 potions of heal wounds {unknown}
 n - a potion of haste {unknown}
 u - 2 potions of brilliance {unknown}
 v - a potion of cancellation {unknown}


   Skills:
 + Level 3.2 Dodging
 + Level 3.6 Stealth
 + Level 5.7 Spellcasting
 + Level 1.9 Conjurations
 + Level 0.7 Summonings
 + Level 1.5 Translocations


You had 9 spell levels left.
You knew the following spells:

 Your Spells              Type           Power      Damage    Failure   Level
a - Magic Dart            Conj           44%        1d5       6%          1
b - Blink                 Tloc           20%        N/A       11%         2
c - Call Imp              Summ           7%         N/A       14%         2

Your spell library contained the following spells:

 Spells                   Type           Power      Damage    Failure   Level
 Slow                     Hex            16%        N/A       13%         1
 Conjure Flame            Conj/Fire      8%         6-21      26%         3
 Mephitic Cloud           Conj/Pois/Air  7%         N/A       30%         3


Dungeon Overview and Level Annotations

Branches:
Dungeon (3/15)

Altars:

Shops:
D:1 =

Annotations:
D:3 1 transporter


Innate Abilities, Weirdness & Mutations

You are very small and have problems with some larger weapons.
You are too small for most types of armour.
You have supernaturally acute eyesight. (SInv)
You cover ground extremely quickly. (Speed+++)


Message History

You start memorising the spell.
You continue memorising. x2
You finish memorising.
Spell assigned to 'c'.
Okay, then.
Casting: Magic Dart (safe; 7% risk of failure)
Confirm with . or Enter, or press ? or * to list all spells.
A beastly little devil appears in a puff of flame.
You open the door.
Your crimson imp blinks!
The magic dart hits the orc priest.
The orc priest is lightly wounded.
Your crimson imp blinks!
The magic dart hits the orc priest.
The orc priest is moderately wounded.
The magic dart hits the orc priest.
The orc priest is heavily wounded.
The magic dart hits the orc priest.
The orc priest is severely wounded.
The orc priest looks encouraged for a moment.
The magic dart hits the orc priest.
The orc priest is almost dead.
The shadow imp lashes its tail.
Your crimson imp blinks!
The magic dart hits the orc priest.
You kill the orc priest!
The shadow imp shouts, "Turn tail, thou bootless moldwarp snackling!"
You can't see any susceptible monsters within range! (Use Z to cast anyway.)
You can't see any susceptible monsters within range! (Use Z to cast anyway.)
The orc priest mumbles some strange prayers to Beogh against you.
Beogh smites you!
Ouch! That really hurt!
* * * LOW HITPOINT WARNING * * *
There is an open door here.
You are too injured to fight recklessly!
You are too injured to fight recklessly!
You are too injured to fight recklessly!
You are too injured to fight recklessly!
The orc priest invokes the aid of Beogh against you.
Beogh smites you!
Ouch! That really hurt!
You die...

......####<...########.#....###..
)....## ##..## #......# ##.
....## ##.# ###.#### ## ...## #.#
#.### # #'##########.########
#...# #...................# ###.#
#...###############.# ##.##
#...#8P#....)o5#P8#.#####...#####
....#P.#≈≈≈≈≈≈≈#@P#.#............
....#$.#..≈≈≈..#..#...###...#####
...©#©!+..≈⌠P..'.©#©..# ##.## #
....#$.#..≈P≈..#..#..## ###
....#P.#≈≈≈≈≈5≈#.P#.##
#.#.#8≈#.....o5#P8#.#
#.#.###############.#
#.#.................#
#.###################


You could see 2 orc priests, 2 shadow imps and a friendly crimson imp
(summoned).

Vanquished Creatures
  An orc priest (D:3)
  Natasha (D:3)
  A dart slug (D:1)
  5 endoplasms
  5 giant cockroaches (D:1)
  9 goblins
  5 hobgoblins
  3 jackals (D:3)
  A quokka (D:1)
  8 ball pythons
  2 bats
  3 frilled lizards
  7 kobolds
  10 rats
61 creatures vanquished.

Notes
Turn   | Place    | Note
-------+----------+-------------------------------------------
     0 | D:1      | dabmancer the Spriggan Hedge Wizard began the quest for the
                  | Orb.
     0 | D:1      | Reached XP level 1. HP: 9/9 MP: 6/6
   506 | D:1      | Reached XP level 2. HP: 13/13 MP: 1/8
  1014 | D:1      | Found Cejad's Jewellery Boutique.
  1365 | D:1      | Reached skill level 5 in Spellcasting
  1365 | D:1      | Reached XP level 3. HP: 13/16 MP: 2/10
  1551 | D:2      | Reached skill level 1 in Conjurations
  1631 | D:2      | Found a faded altar of an unknown god.
  2771 | D:3      | Noticed Natasha
  2780 | D:3      | Killed Natasha
  2781 | D:3      | Reached XP level 4. HP: 20/21 MP: 2/12
  3078 | D:3      | Found a transporter.
  3096 | D:3      | Found a transporter.
  3669 | D:3      | Learned a level 2 spell: Blink
  3672 | D:3      | Learned a level 2 spell: Call Imp
  3687 | D:3      | Killed from afar by an orc priest

Illustrated notes

Levels and vault maps discovered:
D:1:      dpeg_arrival_simpleton_c, layout_basic, serial_shops, shop,
          minmay_worlds_worst_comb
D:2:      layout_rooms, hellmonk_ecumenical_altar_blasted
D:3:      gammafunk_wand_slinger, layout_loops_corners, uniq_natasha

Skill      XL: |  1  2  3 |
---------------+----------+-----
Dodging        | 3 |  3.2
Spellcasting   | 5 |  5.7
Conjurations   | 1 |  1.9
Stealth        | |  3.6
Summonings     | |  0.7
Translocations | |  1.5

Action                   |  1- 3 |  4- 6 || total
-------------------------+-------+-------++-------
Melee: Dagger            |     5 |       ||     5
       Short sword       |     2 |       ||     2
 Cast: Magic Dart        |   138 |    26 ||   164
       Call Imp          |       |     1 ||     1
  Use: Potion            |     2 |       ||     2
Armor: Robe              |     3 |       ||     3
Dodge: Dodged            |    27 |       ||    27

Table legend: (Time is in decaauts)
 A = Elapsed time spent in this place.
 B = Non-inter-level travel time spent in this place.
 C = Inter-level travel time spent in this place.
 D = Time resting spent in this place.
 E = Time spent auto-exploring this place.
 F = Levels seen in this place.
 G = Mean time per level.
                   A        B        C        D        E       F      G
               +--------+--------+--------+--------+--------+-----+--------+
         Total |   2896 |   2820 |     76 |    102 |   2344 |   3 |  965.3 |
       Dungeon |   2896 |   2820 |     76 |    102 |   2344 |   3 |  965.3 |
               +--------+--------+--------+--------+--------+-----+--------+

Top non-repeatable levels by time:
     D:1: 1261 daAuts
     D:3: 931 daAuts
     D:2: 703 daAuts
